[Event "Skalica Rapid 2020"]
[Site "Skalica"]
[Date "2020.08.29"]
[Round "7.7"]
[White "Panko Radoslav"]
[Black "Petran, Peter"]
[Result "1-0"]
[ECO "B06"]
[WhiteElo "1913"]
[BlackElo "2219"]
[Annotator "RC"]
[PlyCount "59"]
[EventDate "2020.08.29"]
[EventType "swiss"]
[EventCountry "SVK"]
[SourceTitle "playchess.com"]
[Source "ChessBase"]
[SourceQuality "1"]
[TimeControl "600+5"]

1. e4 g6 2. d4 Bg7 3. Nc3 c6 4. h4 h5 5. Nf3 d6 6. Be2 b5 7. a3 Nf6 8. Bf4 Nbd7 9. e5 dxe5 10. dxe5 Ng4 11. e6 fxe6 12. Bd3 Nf8 13. Qe2 Qb6 14. O-O Bd7 15. Ne5 Nxe5 16. Bxe5 Bxe5 17. Qxe5 Rg8 18. Ne4 Qb8 19. Qc3 Qb6 20. Nc5 O-O-O 21. b4 g5 22. hxg5 Rxg5 23. a4 Ng6 24. f4 Rg3 25. axb5 Nh4 26. Rf2 Rdg8 27. Qd2 Rxg2+ 28. Kh1 cxb5 29. Be4 Bc6 30. Rxg2 1-0

[Event "Skalica Rapid 2020"]
[Site "Skalica"]
[Date "2020.08.29"]
[Round "7.7"]
[White "Stos, Radek"]
[Black "Bucek, Miroslav"]
[Result "0-1"]
[ECO "C77"]
[WhiteElo "1790"]
[BlackElo "1422"]
[Annotator "NA"]
[PlyCount "80"]
[EventDate "2020.08.29"]
[EventType "swiss"]
[EventCountry "SVK"]
[SourceTitle "playchess.com"]
[Source "ChessBase"]
[SourceQuality "1"]
[TimeControl "600+5"]

1. e4 e5 2. Nf3 Nc6 3. Bb5 a6 4. Ba4 Nf6 5. d3 Be7 6. Bg5 b5 7. Bb3 d6 8. c3 O-O 9. Nbd2 Na5 10. Bc2 c5 11. Bxf6 Bxf6 12. h3 Nc6 13. Nf1 Re8 14. Ng3 d5 15. exd5 Qxd5 16. Ne4 Be7 17. O-O Bf5 18. Ng3 Bg6 19. Re1 Bf6 20. Ne4 Bxe4 21. Rxe4 Qd7 22. Qe2 Qc7 23. Re1 Re7 24. Nh4 Bxh4 25. Rxh4 g6 26. Qe3 Qd6 27. Qh6 f5 28. f4 exf4 29. Rxe7 Qxe7 30. Rxf4 Qe3+ 31. Kh2 Ne7 32. Bb3+ Kh8 33. Qg5 Rf8 34. Qh4 Qe5 35. Qg3 Nd5 36. Bxd5 Qxd5 37. c4 Qe5 38. Qf2 g5 39. d4 Qxf4+ 40. Qxf4 gxf4 0-1

[Event "Skalica Rapid 2020"]
[Site "Skalica"]
[Date "2020.08.29"]
[Round "7.8"]
[White "Matejovic Juraj"]
[Black "Valenta Vit"]
[Result "1/2-1/2"]
[ECO "C69"]
[WhiteElo "2219"]
[BlackElo "1994"]
[Annotator "ChessBase"]
[PlyCount "73"]
[EventDate "2020.08.29"]
[EventType "swiss"]
[EventCountry "SVK"]
[SourceTitle "playchess.com"]
[Source "ChessBase"]
[SourceQuality "1"]
[TimeControl "600+5"]

1. e4 e5 2. Nf3 Nc6 3. Bb5 a6 4. Bxc6 dxc6 5. O-O f6 6. d4 exd4 7. Nxd4 c5 8. Ne2 Qxd1 9. Rxd1 Bd7 10. Be3 O-O-O 11. Nbc3 b6 12. Rd2 Ne7 13. Rad1 Nc6 14. Bf4 Be6 15. Rxd8+ Nxd8 16. Bg3 Nb7 17. Nf4 Bf7 18. Nfd5 Bd6 19. Bxd6 Nxd6 20. Nxb6+ Kb7 21. Nbd5 Nc4 22. b3 Na3 23. Ne3 Kc6 24. f3 Nb5 25. Na4 g6 26. Nd5 f5 27. Ne7+ Kb7 28. Nxc5+ Ka7 29. Rd7 fxe4 30. c4 Nd6 31. Rxc7+ Kb8 32. Nxa6+ Ka8 33. Nc6 Nc8 34. Rxf7 Re8 35. Nc7+ Kb7 36. Nxe8+ Kxc6 37. Rc7+ 1/2-1/2

[Event "Skalica Rapid 2020"]
[Site "Skalica"]
[Date "2020.08.29"]
[Round "7.8"]
[White "Osicka, Premysl"]
[Black "Blaha, Tomas S"]
[Result "1-0"]
[ECO "D00"]
[WhiteElo "1590"]
[BlackElo "1089"]
[Annotator "NA RC"]
[PlyCount "109"]
[EventDate "2020.08.29"]
[EventType "swiss"]
[EventCountry "SVK"]
[SourceTitle "playchess.com"]
[Source "ChessBase"]
[SourceQuality "1"]
[TimeControl "600+5"]

1. d4 d5 2. Bf4 Nf6 3. e3 Nc6 4. c4 dxc4 5. Bxc4 e5 6. Bg3 exd4 7. exd4 Nxd4 8. Nf3 Nxf3+ 9. Qxf3 Bd6 10. O-O Bxg3 11. Re1+ Be6 12. Qxg3 O-O 13. Bxe6 fxe6 14. Nc3 Re8 15. Rad1 Qe7 16. Nd5 Nxd5 17. Rxd5 Rad8 18. Rde5 c6 19. h3 Rd2 20. Rxe6 Qxe6 21. Rxe6 Rxe6 22. Qb8+ Kf7 23. Qxb7+ Re7 24. Qb3+ Re6 25. Qb7+ Re7 26. Qxc6 Rxb2 27. Qd5+ Kf8 28. Qd8+ Kf7 29. Qd5+ Ke8 30. Qa8+ Kf7 31. Qf3+ Kg8 32. Qa8+ Kf7 33. Qd5+ Kf8 34. Qf5+ Kg8 35. a4 Rf7 36. Qc8+ Rf8 37. Qc4+ Rf7 38. f3 Rb1+ 39. Kh2 Ra1 40. Qc8+ Rf8 41. Qe6+ Rf7 42. Qb3 Re1 43. Qb8+ Rf8 44. Qxa7 Ree8 45. a5 Ra8 46. Qc5 Rfc8 47. Qd5+ Kf8 48. Qd7 Kg8 49. a6 Kf8 50. a7 Kg8 51. Qe6+ Kf8 52. h4 Rxa7 53. Qxc8+ Kf7 54. Qc4+ Kf8 55. Qc5+ 1-0

[Event "Skalica Rapid 2020"]
[Site "Skalica"]
[Date "2020.08.29"]
[Round "7.9"]
[White "Striskova, Lucia"]
[Black "Cedzo, Adam"]
[Result "0-1"]
[ECO "C45"]
[WhiteElo "1706"]
[BlackElo "1585"]
[Annotator "NA"]
[PlyCount "56"]
[EventDate "2020.08.29"]
[EventType "swiss"]
[EventCountry "SVK"]
[SourceTitle "playchess.com"]
[Source "ChessBase"]
[SourceQuality "1"]
[TimeControl "600+5"]

1. e4 e5 2. Nf3 Nc6 3. d4 exd4 4. Nxd4 Bc5 5. Nb3 Bb6 6. Nc3 d6 7. a4 a6 8. Bc4 Nf6 9. Bg5 O-O 10. Nd5 Bxf2+ 11. Kf1 Ne5 12. Be2 Nxd5 13. Bxd8 Ne3+ 14. Kxf2 Nxd1+ 15. Raxd1 Rxd8 16. Na5 b6 17. Nb3 Bg4 18. Nd4 Re8 19. Bxg4 Nxg4+ 20. Kf3 Ne5+ 21. Kf4 Ng6+ 22. Ke3 d5 23. Nc6 Rxe4+ 24. Kf2 Rae8 25. h3 Re2+ 26. Kg3 R8e3+ 27. Kh2 Nf4 28. Nd4 Rxg2# 0-1

[Event "Skalica Rapid 2020"]
[Site "Skalica"]
[Date "2020.08.29"]
[Round "7.10"]
[White "Krupa Miroslav"]
[Black "Pniaczek, Marek"]
[Result "1-0"]
[ECO "B30"]
[WhiteElo "1816"]
[BlackElo "1969"]
[Annotator "ChessBase"]
[PlyCount "27"]
[EventDate "2020.08.29"]
[EventType "swiss"]
[EventCountry "SVK"]
[SourceTitle "playchess.com"]
[Source "ChessBase"]
[SourceQuality "1"]
[TimeControl "600+5"]

1. e4 c5 2. Nf3 Nc6 3. Nd4 e6 4. Nb5 d6 5. d4 Nf6 6. Be2 Be7 7. c3 cxd4 8. cxd4 O-O 9. O-O Nd7 10. Be3 Bf6 11. Re1 Qc7 12. f3 Rd8 13. Bf1 h5 14. Kh1 1-0

[Event "Skalica Rapid 2020"]
[Site "Skalica"]
[Date "2020.08.29"]
[Round "7.11"]
[White "Jablonicky, Frantisek"]
[Black "Bidulsky, Matej"]
[Result "0-1"]
[ECO "A03"]
[WhiteElo "2038"]
[BlackElo "1548"]
[Annotator "ChessBase"]
[PlyCount "49"]
[EventDate "2020.08.29"]
[EventType "swiss"]
[EventCountry "SVK"]
[SourceTitle "playchess.com"]
[Source "ChessBase"]
[SourceQuality "1"]
[TimeControl "600+5"]

1. g3 d5 2. f4 Nc6 3. Nf3 Bf5 4. Bg2 Nf6 5. d3 e6 6. O-O Bc5+ 7. e3 O-O 8. h3 Bg6 9. Kh2 Re8 10. Ne5 Nxe5 11. fxe5 Nd7 12. d4 Bb6 13. c4 dxc4 14. Bxb7 Rb8 15. Bg2 c5 16. Nc3 Bd3 17. Rf4 Nf8 18. d5 Ng6 19. dxe6 Rxe6 20. Bd5 Nxf4 21. exf4 Re7 22. Qg4 Ba5 23. Ne4 Kh8 24. h4 h6 25. Qe6 0-1

[Event "Skalica Rapid 2020"]
[Site "Skalica"]
[Date "2020.08.29"]
[Round "7.11"]
[White "Fajtakova, Silvia"]
[Black "Dubanova, Kristina"]
[Result "1-0"]
[ECO "C70"]
[WhiteElo "1509"]
[BlackElo "1128"]
[Annotator "NA"]
[PlyCount "57"]
[EventDate "2020.08.29"]
[EventType "swiss"]
[EventCountry "SVK"]
[SourceTitle "playchess.com"]
[Source "ChessBase"]
[SourceQuality "1"]
[TimeControl "600+5"]

1. e4 e5 2. Nf3 Nc6 3. Bb5 a6 4. Ba4 b5 5. Bb3 Nf6 6. O-O Bc5 7. Re1 d6 8. h3 Be6 9. Bxe6 fxe6 10. c3 d5 11. exd5 exd5 12. Nxe5 Nxe5 13. Rxe5+ Be7 14. Qe1 c6 15. Re6 Qd7 16. d3 Ra7 17. Bg5 O-O 18. Nd2 Bd6 19. Bxf6 gxf6 20. Qe2 Kf7 21. Re1 Raa8 22. Qh5+ Kg8 23. Qg4+ Kf7 24. Rxf6+ Kxf6 25. Qxd7 Rad8 26. Qe6+ Kg7 27. Re3 Bc5 28. Rg3+ Kh8 29. Qe5+ 1-0

[Event "Skalica Rapid 2020"]
[Site "Skalica"]
[Date "2020.08.29"]
[Round "7.13"]
[White "Takacs Laszlo"]
[Black "Beres, Dominik"]
[Result "1-0"]
[ECO "B12"]
[WhiteElo "2128"]
[BlackElo "1962"]
[Annotator "ChessBase"]
[PlyCount "85"]
[EventDate "2020.08.29"]
[EventType "swiss"]
[EventCountry "SVK"]
[SourceTitle "playchess.com"]
[Source "ChessBase"]
[SourceQuality "1"]
[TimeControl "600+5"]

1. e4 d6 2. d4 c6 3. Nc3 Qc7 4. Be3 e5 5. Qd2 Nd7 6. O-O-O Ngf6 7. f3 b5 8. g4 Be7 9. h4 O-O 10. h5 b4 11. Nce2 c5 12. dxc5 dxc5 13. g5 Ne8 14. Ng3 c4 15. Nf5 Nb6 16. Nxe7+ Qxe7 17. Qd8 Qb7 18. Bc5 Be6 19. Qe7 Nc7 20. Bxb4 Rfe8 21. Qd6 Nb5 22. Qxe5 Na4 23. h6 f6 24. gxf6 g6 25. f7+ Qxf7 26. Qxb5 Nxb2 27. Kxb2 a5 28. Bd6 Ra7 29. Qe5 c3+ 30. Qxc3 Bxa2 31. Qg7+ Qxg7+ 32. hxg7 Be6 33. Nh3 Rb7+ 34. Kc1 Ba2 35. Nf4 Kxg7 36. Bd3 a4 37. Kd2 Bf7 38. Ra1 Ra7 39. Bc5 Raa8 40. Bd4+ Kg8 41. Rxh7 Kf8 42. Bc5+ Kg8 43. Rah1 1-0

[Event "Skalica Rapid 2020"]
[Site "Skalica"]
[Date "2020.08.29"]
[Round "7.14"]
[White "Majoros, Rozsa Evelin"]
[Black "Danada, Tomas"]
[Result "0-1"]
[ECO "B56"]
[WhiteElo "1936"]
[BlackElo "2122"]
[Annotator "ChessBase"]
[PlyCount "88"]
[EventDate "2020.08.29"]
[EventType "swiss"]
[EventCountry "SVK"]
[SourceTitle "playchess.com"]
[Source "ChessBase"]
[SourceQuality "1"]
[TimeControl "600+5"]

1. e4 c5 2. Nf3 Nc6 3. d4 cxd4 4. Nxd4 Nf6 5. Nc3 d6 6. f3 e5 7. Nb3 Be7 8. Be3 O-O 9. a4 a5 10. Bb5 Be6 11. Qd2 Na7 12. Bxa7 Rxa7 13. O-O-O Qb6 14. Kb1 Rd8 15. Nd5 Nxd5 16. exd5 Bf5 17. g4 Bg6 18. Nc1 Raa8 19. h4 Rac8 20. Nd3 h6 21. Rc1 Qd4 22. Qxa5 e4 23. fxe4 Bxe4 24. Rh2 Bf6 25. Qb4 Qe3 26. Re1 Qg3 27. Rhe2 Bxd5 28. h5 Bf3 29. Re8+ Rxe8 30. Rxe8+ Rxe8 31. Bxe8 Qg1+ 32. Nc1 Bg5 33. Bxf7+ Kxf7 34. Qb3+ Ke8 35. Qg8+ Kd7 36. Qf7+ Kc8 37. Qf8+ Kc7 38. Qxg7+ Kb6 39. a5+ Ka7 40. Qc7 Bd5 41. b3 Bxc1 42. Ka2 Qc5 43. Qxc5+ dxc5 44. Kb1 Bd2 0-1

[Event "Skalica Rapid 2020"]
[Site "Skalica"]
[Date "2020.08.29"]
[Round "7.16"]
[White "Stevik Patrik"]
[Black "Blaho, Stefan"]
[Result "1-0"]
[ECO "A06"]
[WhiteElo "1895"]
[BlackElo "2090"]
[Annotator "NA"]
[PlyCount "85"]
[EventDate "2020.08.29"]
[EventType "swiss"]
[EventCountry "SVK"]
[SourceTitle "playchess.com"]
[Source "ChessBase"]
[SourceQuality "1"]
[TimeControl "600+5"]

1. b3 d5 2. Bb2 Bf5 3. e3 e6 4. Be2 Nf6 5. Nf3 h6 6. O-O c5 7. c4 dxc4 8. Bxc4 Bd3 9. Bxd3 Qxd3 10. Ne5 Qd5 11. d4 cxd4 12. Bxd4 Bd6 13. Nc3 Qa5 14. Nc4 Qd8 15. Bxf6 Bxh2+ 16. Kxh2 Qxf6 17. Qd4 Qxd4 18. exd4 Nc6 19. d5 exd5 20. Nxd5 O-O 21. Rad1 Rad8 22. Nde3 b5 23. Nd6 Rd7 24. Nxb5 Rfd8 25. Rxd7 Rxd7 26. Rd1 Rb7 27. Nd6 Rd7 28. Ne4 Re7 29. Nc5 Ne5 30. Nf5 Rc7 31. b4 Kh7 32. f4 Nc4 33. Rd7 Rxd7 34. Nxd7 g6 35. Nf6+ Kh8 36. Nxh6 Kg7 37. Nhg4 a6 38. Kg3 Na3 39. Nd5 Nb5 40. a4 Nd4 41. Nc7 Nf5+ 42. Kf2 Nd6 43. Nxa6 1-0

[Event "Skalica Rapid 2020"]
[Site "Skalica"]
[Date "2020.08.29"]
[Round "7.17"]
[White "Romanova Ela"]
[Black "Skreno Vladimir"]
[Result "0-1"]
[ECO "B30"]
[WhiteElo "1367"]
[BlackElo "2089"]
[Annotator "ChessBase"]
[PlyCount "27"]
[EventDate "2020.08.29"]
[EventType "swiss"]
[EventCountry "SVK"]
[SourceTitle "playchess.com"]
[Source "ChessBase"]
[SourceQuality "1"]
[TimeControl "600+5"]

1. e4 c5 2. Nf3 Nc6 3. Bb5 Nd4 4. Nxd4 cxd4 5. c3 a6 6. Be2 dxc3 7. Nxc3 d6 8. d4 g6 9. O-O Bg7 10. Be3 Bd7 11. Qd2 e6 12. Rfc1 Ne7 13. Bf4 O-O 14. Bh6 0-1

[Event "Skalica Rapid 2020"]
[Site "Skalica"]
[Date "2020.08.29"]
[Round "7.18"]
[White "Sarmir Milos"]
[Black "Gzib, David"]
[Result "1-0"]
[ECO "B22"]
[WhiteElo "2059"]
[BlackElo "1770"]
[Annotator "ChessBase"]
[PlyCount "75"]
[EventDate "2020.08.29"]
[EventType "swiss"]
[EventCountry "SVK"]
[SourceTitle "playchess.com"]
[Source "ChessBase"]
[SourceQuality "1"]
[TimeControl "600+5"]

1. e4 c5 2. Nf3 d6 3. c3 g6 4. d4 cxd4 5. cxd4 Bg7 6. Nc3 Nc6 7. Bb5 a6 8. Ba4 b5 9. Bb3 Nf6 10. a3 Bb7 11. O-O O-O 12. Bg5 Na5 13. Bc2 Nc4 14. Rb1 Rc8 15. Qe2 Nxa3 16. bxa3 Rxc3 17. a4 Rxc2 18. Qxc2 Bxe4 19. Qb3 Bxb1 20. Rxb1 bxa4 21. Qxa4 Ne4 22. Be3 Nc3 23. Qc2 Nxb1 24. Qxb1 Qb8 25. Qa2 Qb5 26. g3 Rb8 27. Kg2 d5 28. Qa3 e6 29. Bf4 Rc8 30. Qe7 Qe8 31. Qb7 Qc6 32. Qe7 Re8 33. Qa7 Kf8 34. Ng5 Kg8 35. Qxf7+ Kh8 36. Be5 Rg8 37. Bxg7+ Rxg7 38. Qf8+ 1-0